2664 views
Uploaded 2020-02-12 19:00:38
Game version 1.32 / 1.32.1
17:42 long 2on2 ladder game on (4)CentaurGrove
Saved by iggythefisk
2664 views
Uploaded 2020-02-12 19:00:38
Game version 1.32 / 1.32.1
17:42 long 2on2 ladder game on (4)CentaurGrove


78 units @ 9.9k
/ 1.4k
45 buildings @ 5.1k
/ 2.1k
Mata
(17:40) : 

| Scroll of Regeneration | 2 | 200 |
| Scroll of Town Portal | 1 | 350 |
| Scroll of Healing | 1 | 250 |
| Potion of Invisibility | 1 | 100 |
| Scroll of Protection | 1 | 150 |
| total: | 6 | 1050g |
| Peasant | 19 | 1425 | / | 0 |
| Footman | 11 | 1485 | / | 0 |
| Sorceress | 4 | 620 | / | 80 |
| Priest | 4 | 540 | / | 40 |
| Rifleman | 5 | 1025 | / | 150 |
| total: | 43 | 5095g | / | 270w |
| Scout Tower | 12 | 360 | / | 240 |
| Guard Tower | 6 | 420 | / | 300 |
| Altar of Kings | 1 | 180 | / | 50 |
| Barracks | 2 | 320 | / | 120 |
| Farm | 12 | 960 | / | 240 |
| Arcane Vault | 1 | 130 | / | 30 |
| Blacksmith | 1 | 140 | / | 60 |
| Lumber Mill | 1 | 120 | / | 0 |
| Town Hall | 1 | 385 | / | 205 |
| Arcane Sanctum | 2 | 300 | / | 280 |
| Keep | 1 | 320 | / | 210 |
| total: | 33 | 2895g | / | 1225w |
| 0:00 | Peasant |
| 0:05 | Altar of Kings |
| 0:15 | Peasant |
| 0:17 | Barracks |
| 0:18 | Peasant |
| 0:32 | Farm |
| 0:34 | Peasant |
| 0:46 | Farm |
| 0:56 | Peasant |
| 1:11 | Peasant |
| 1:17 | Footman |
| 1:27 | Farm |
| 1:42 | Footman |
| 1:50 | Peasant |
| 2:03 | Footman |
| 2:19 | Peasant |
| 2:23 | Summon Water Elemental |
| 2:26 | Footman |
| 3:13 | Keep |
| 3:14 | Footman |
| 3:25 | Arcane Vault |
| 4:00 | Footman |
| 4:23 | Defend |
| 4:32 | Scroll of Regeneration |
| 4:38 | Scroll of Regeneration |
| 4:55 | Footman |
| 4:57 | Farm |
| 4:58 | Farm |
| 4:58 | Farm |
| 5:00 | Farm |
| 5:05 | Brilliance Aura |
| 5:43 | Arcane Sanctum |
| 5:53 | Arcane Sanctum |
| 6:36 | Storm Bolt |
| 6:56 | Sorceress |
| 7:15 | Footman |
| 7:22 | Priest |
| 7:32 | Footman |
| 7:34 | Farm |
| 7:44 | Sorceress |
| 7:51 | Footman |
| 8:37 | Farm |
| 8:38 | Farm |
| 8:47 | Priest |
| 8:49 | Farm |
| 9:16 | Summon Water Elemental |
| 9:21 | Footman |
| 9:23 | Priest |
| 9:39 | Blacksmith |
| 9:46 | Peasant |
| 9:46 | Peasant |
| 9:47 | Farm |
| 9:50 | Sorceress |
| 10:16 | Bash |
| 10:20 | Scout Tower |
| 10:21 | Scout Tower |
| 10:21 | Scout Tower |
| 10:24 | Lumber Mill |
| 10:39 | Town Hall |
| 11:05 | Scroll of Town Portal |
| 11:06 | Potion of Invisibility |
| 11:17 | Scroll of Protection |
| 11:38 | Guard Tower |
| 11:39 | Guard Tower |
| 12:19 | Rifleman |
| 12:29 | Sorceress |
| 12:31 | Peasant |
| 12:31 | Peasant |
| 12:50 | Rifleman |
| 12:53 | Black Gunpowder |
| 13:00 | Priest |
| 13:03 | Barracks |
| 13:19 | Long Rifles |
| 13:37 | Scroll of Healing |
| 14:04 | Rifleman |
| 14:06 | Rifleman |
| 14:07 | Peasant |
| 14:07 | Peasant |
| 14:08 | Peasant |
| 14:09 | Peasant |
| 14:35 | Storm Bolt |
| 15:11 | Scout Tower |
| 15:11 | Scout Tower |
| 15:12 | Scout Tower |
| 15:12 | Scout Tower |
| 15:13 | Scout Tower |
| 15:14 | Scout Tower |
| 15:16 | Peasant |
| 15:17 | Scout Tower |
| 15:19 | Peasant |
| 15:23 | Rifleman |
| 15:25 | Brilliance Aura |
| 15:42 | Guard Tower |
| 15:43 | Scout Tower |
| 15:43 | Scout Tower |
| 16:02 | Priest Adept Training |
| 16:05 | Peasant |
| 16:07 | Improved Masonry |
| 16:08 | Guard Tower |
| 16:58 | Guard Tower |
| 17:12 | Bash |
| 17:40 | Summon Water Elemental |
| Right click | 1311 |
| Select group | 907 |
| Select | 700 |
| Build/train/purchase | 116 |
| Misc. action | 83 |
| Assign group | 75 |
| Use ability | 14 |
| Resource trade | 11 |
| Minimap ping | 7 |
| Item give/drop | 3 |

| Scroll of Healing | 1 | 250 |
| Potion of Lesser Invulnerability | 1 | 150 |
| Scroll of Regeneration | 2 | 200 |
| total: | 4 | 600g |
| Wisp | 13 | 780 | / | 0 |
| Archer | 8 | 1040 | / | 80 |
| Druid of the Claw | 8 | 2040 | / | 640 |
| Dryad | 5 | 725 | / | 300 |
| Goblin Zeppelin | 1 | 240 | / | 60 |
| total: | 35 | 4825g | / | 1080w |
| Altar of Elders | 1 | 180 | / | 50 |
| Ancient of War | 1 | 150 | / | 60 |
| Moon Well | 5 | 900 | / | 200 |
| Hunter's Hall | 1 | 210 | / | 100 |
| Ancient of Wonders | 1 | 90 | / | 30 |
| Tree of Life | 1 | 340 | / | 185 |
| Ancient of Lore | 2 | 310 | / | 290 |
| Tree of Ages | 1 | 320 | / | 180 |
| Tree of Eternity | 1 | 330 | / | 200 |
| total: | 12 | 2180g | / | 915w |
| 0:01 | Wisp |
| 0:05 | Altar of Elders |
| 0:10 | Wisp |
| 0:17 | Ancient of War |
| 0:22 | Moon Well |
| 0:28 | Wisp |
| 0:36 | Wisp |
| 0:56 | Wisp |
| 1:10 | Wisp |
| 1:17 | Archer |
| 1:28 | Wisp |
| 1:34 | Archer |
| 1:39 | Moon Well |
| 2:10 | Entangling Roots |
| 2:42 | Tree of Ages |
| 3:00 | Archer |
| 3:05 | Moon Well |
| 3:13 | Archer |
| 3:26 | Thorns Aura |
| 3:33 | Hunter's Hall |
| 3:57 | Archer |
| 4:25 | Archer |
| 5:04 | Tree of Eternity |
| 5:21 | Archer |
| 5:51 | Ancient of Lore |
| 6:01 | Entangling Roots |
| 6:05 | Ancient of Lore |
| 6:44 | Improved Bows |
| 6:50 | Scroll of Regeneration |
| 7:06 | Druid of the Claw Adept Training |
| 7:25 | Wisp |
| 7:25 | Wisp |
| 7:36 | Scroll of Regeneration |
| 7:41 | Wisp |
| 7:45 | Moon Well |
| 8:02 | Druid of the Claw |
| 8:07 | Wisp |
| 8:13 | Druid of the Claw Master Training |
| 8:16 | Druid of the Claw |
| 8:48 | Strength of the Wild |
| 8:51 | Moon Well |
| 8:55 | Druid of the Claw |
| 9:08 | Marksmanship |
| 9:22 | Druid of the Claw |
| 9:43 | Ancient of Wonders |
| 9:57 | Mark of the Claw |
| 10:12 | Druid of the Claw |
| 10:21 | Thorns Aura |
| 10:47 | Druid of the Claw |
| 10:53 | Druid of the Claw |
| 11:25 | Goblin Zeppelin |
| 12:16 | Druid of the Claw |
| 12:38 | Archer |
| 13:05 | Abolish Magic |
| 13:05 | Dryad |
| 13:12 | Entangling Roots |
| 13:37 | Tree of Life |
| 13:49 | Scroll of Healing |
| 14:04 | Potion of Lesser Invulnerability |
| 14:40 | Dryad |
| 15:20 | Improved Strength of the Wild |
| 15:43 | Wisp |
| 15:43 | Wisp |
| 15:47 | Dryad |
| 16:54 | Dryad |
| 17:25 | Tranquility |
| 17:40 | Dryad |
| Right click | 1079 |
| Select group | 666 |
| Assign group | 326 |
| Select | 315 |
| Build/train/purchase | 89 |
| Misc. action | 83 |
| Use ability | 36 |
| Resource trade | 10 |
| Item give/drop | 2 |
| Minimap ping | 2 |
66 units @ 9.5k
/ 1.2k
30 buildings @ 5.1k
/ 1.8k


| Healing Salve | 4 | 400 |
| Lesser Clarity Potion | 2 | 140 |
| Scroll of Speed | 1 | 50 |
| Potion of Healing | 2 | 300 |
| Scroll of Town Portal | 2 | 700 |
| total: | 11 | 1590g |
| Peon | 17 | 1275 | / | 0 |
| Grunt | 1 | 200 | / | 0 |
| Troll Headhunter | 20 | 2800 | / | 400 |
| Wind Rider | 4 | 1060 | / | 160 |
| total: | 42 | 5335g | / | 560w |
| Watch Tower | 1 | 110 | / | 80 |
| Altar of Storms | 1 | 180 | / | 50 |
| Orc Burrow | 7 | 1120 | / | 280 |
| Barracks | 1 | 180 | / | 50 |
| War Mill | 2 | 410 | / | 0 |
| Voodoo Lounge | 1 | 130 | / | 30 |
| Great Hall | 1 | 385 | / | 185 |
| Beastiary | 2 | 290 | / | 280 |
| Stronghold | 1 | 315 | / | 190 |
| Fortress | 1 | 325 | / | 190 |
| total: | 16 | 2805g | / | 955w |
| 0:10 | Peon |
| 0:15 | Altar of Storms |
| 0:16 | Peon |
| 0:19 | Orc Burrow |
| 0:21 | Peon |
| 0:46 | Barracks |
| 0:52 | Peon |
| 1:17 | War Mill |
| 1:29 | Peon |
| 1:43 | Peon |
| 1:49 | Orc Burrow |
| 2:13 | Grunt |
| 2:30 | War Stomp |
| 2:36 | Troll Headhunter |
| 2:40 | Orc Burrow |
| 2:53 | Troll Headhunter |
| 3:05 | Steel Ranged Weapons |
| 3:27 | Troll Headhunter |
| 3:34 | Orc Burrow |
| 4:28 | Troll Headhunter |
| 4:41 | Troll Headhunter |
| 5:05 | Stronghold |
| 5:13 | Troll Headhunter |
| 5:16 | Endurance Aura |
| 5:29 | Voodoo Lounge |
| 5:49 | Troll Headhunter |
| 6:04 | Troll Headhunter |
| 6:45 | Troll Headhunter |
| 6:46 | Troll Headhunter |
| 7:00 | Watch Tower |
| 7:24 | Endurance Aura |
| 7:31 | Peon |
| 7:31 | Peon |
| 7:51 | Troll Regeneration |
| 8:52 | Healing Salve |
| 8:59 | Lesser Clarity Potion |
| 9:02 | Scroll of Speed |
| 9:03 | Scroll of Town Portal |
| 9:09 | Thorium Ranged Weapons |
| 9:22 | Peon |
| 9:22 | Peon |
| 9:28 | War Mill |
| 9:39 | Troll Headhunter |
| 10:00 | Great Hall |
| 10:02 | Troll Headhunter |
| 10:27 | Troll Headhunter |
| 10:45 | Peon |
| 10:47 | Peon |
| 10:47 | Peon |
| 11:24 | War Stomp |
| 11:54 | Troll Headhunter |
| 12:19 | Lesser Clarity Potion |
| 12:20 | Healing Salve |
| 12:32 | Beastiary |
| 12:35 | Beastiary |
| 12:38 | Peon |
| 12:38 | Peon |
| 12:48 | Healing Salve |
| 13:18 | Orc Burrow |
| 13:33 | Troll Headhunter |
| 13:37 | Wind Rider |
| 13:41 | Fortress |
| 14:13 | Troll Headhunter |
| 14:13 | Troll Headhunter |
| 14:18 | Orc Burrow |
| 14:43 | Healing Wave |
| 15:06 | Troll Headhunter |
| 15:22 | Potion of Healing |
| 15:25 | Scroll of Town Portal |
| 15:33 | Orc Burrow |
| 15:47 | Troll Headhunter |
| 15:49 | Troll Headhunter |
| 15:56 | Wind Rider |
| 15:56 | Wind Rider |
| 16:04 | Peon |
| 16:04 | Peon |
| 16:15 | Berserker Upgrade |
| 16:44 | Potion of Healing |
| 16:48 | Healing Salve |
| 17:00 | Wind Rider |
| 17:01 | Envenomed Spears |
| Right click | 671 |
| Select group | 193 |
| Select | 183 |
| Build/train/purchase | 97 |
| Use ability | 26 |
| Assign group | 16 |
| Item give/drop | 3 |
| Minimap ping | 2 |
| Misc. action | 1 |
| Remove unit | 1 |


| Potion of Healing | 2 | 300 |
| Scroll of Town Portal | 1 | 350 |
| total: | 3 | 650g |
| Acolyte | 5 | 375 | / | 0 |
| Ghoul | 3 | 360 | / | 0 |
| Crypt Fiend | 13 | 2795 | / | 520 |
| Obsidian Statue | 3 | 600 | / | 105 |
| total: | 24 | 4130g | / | 625w |
| Nerubian Tower | 1 | 100 | / | 20 |
| Crypt | 2 | 400 | / | 100 |
| Graveyard | 1 | 215 | / | 0 |
| Ziggurat | 7 | 1050 | / | 350 |
| Altar of Darkness | 1 | 180 | / | 50 |
| Tomb of Relics | 1 | 130 | / | 30 |
| Slaughterhouse | 2 | 280 | / | 270 |
| Halls of the Dead | 1 | 320 | / | 210 |
| Black Citadel | 1 | 325 | / | 230 |
| total: | 14 | 2255g | / | 800w |
| 0:02 | Acolyte |
| 0:06 | Crypt |
| 0:07 | Crypt |
| 0:09 | Graveyard |
| 0:28 | Ziggurat |
| 0:37 | Acolyte |
| 1:00 | Altar of Darkness |
| 1:11 | Ghoul |
| 1:32 | Crypt Fiend |
| 1:48 | Ziggurat |
| 2:15 | Crypt Fiend |
| 2:31 | Crypt Fiend |
| 2:41 | Nerubian Tower |
| 2:58 | Death Coil |
| 3:20 | Acolyte |
| 3:20 | Acolyte |
| 3:49 | Crypt Fiend |
| 4:01 | Ghoul |
| 4:27 | Halls of the Dead |
| 4:41 | Ghoul |
| 5:04 | Ziggurat |
| 5:22 | Tomb of Relics |
| 5:24 | Ziggurat |
| 5:29 | Unholy Aura |
| 5:53 | Creature Attack |
| 5:58 | Crypt Fiend |
| 6:44 | Death Pact |
| 6:48 | Crypt Fiend |
| 7:30 | Slaughterhouse |
| 7:35 | Slaughterhouse |
| 7:54 | Crypt Fiend |
| 8:32 | Frost Nova |
| 8:42 | Obsidian Statue |
| 9:00 | Ziggurat |
| 9:17 | Black Citadel |
| 10:00 | Obsidian Statue |
| 10:12 | Ziggurat |
| 10:29 | Frost Armor |
| 10:32 | Web |
| 11:38 | Death Coil |
| 11:45 | Destroyer Form |
| 11:46 | Obsidian Statue |
| 12:41 | Scroll of Town Portal |
| 13:19 | Crypt Fiend |
| 13:40 | Crypt Fiend |
| 14:27 | Potion of Healing |
| 14:29 | Potion of Healing |
| 15:05 | Crypt Fiend |
| 15:12 | Ziggurat |
| 15:39 | Acolyte |
| 15:42 | Crypt Fiend |
| 17:20 | Crypt Fiend |
| 17:20 | Crypt Fiend |
| Right click | 1242 |
| Select group | 444 |
| Select | 256 |
| Build/train/purchase | 53 |
| Use ability | 47 |
| Assign group | 35 |
| Item give/drop | 2 |
| Minimap ping | 1 |
โ